IL
MEMPHIS REDBIRDS @ GWINNETT BRAVES
10/11/2044
 
TOP OF THE 1ST
West Virginia Power batting - Pitching for Augusta GreenJackets : LHP Chris Morales
Pitching: LHP Chris Morales
Batting: LHB Jorge Quintana 0-0: Called Strike
0-1: Called Strike
0-2: Fly out, F5 (Line Drive, 5, EV 68.1 MPH)
Batting: RHB Jesus Marquez 0-0: Foul Ball, location: 2F
0-1: Swinging Strike
0-2: Strikes out swinging
Batting: SHB Louie Horne 0-0: Ball
1-0: Ball
2-0: Ball
3-0: Called Strike
3-1: Base on Balls
Batting: RHB Terry Sutherland 0-0: Called Strike
0-1: Ground out 4-3 (Groundball, 34, EV 101.3 MPH)
Top of the 1st over - 0 runs, 0 hits, 0 errors, 1 left on base; West Virginia 0 - Augusta 0
BOTTOM OF THE 1ST
Augusta GreenJackets batting - Pitching for West Virginia Power : LHP Martin Garcia
Pitching: LHP Martin Garcia
Batting: LHB Alex Henriquez 0-0: Fly out, F3 (Line Drive, 3, EV 70.6 MPH)
Batting: RHB Adam Solesbee 0-0: Foul Ball, location: 2F
0-1: Called Strike
0-2: Ball
1-2: Strikes out swinging
Batting: RHB Xavier Davis 0-0: Foul Ball, location: 2F
0-1: Swinging Strike
0-2: Foul Ball, location: 2F
0-2: Ground out 5-3 (Groundball, 56, EV 100.6 MPH)
Bottom of the 1st over - 0 runs, 0 hits, 0 errors, 0 left on base; West Virginia 0 - Augusta 0
TOP OF THE 2ND
West Virginia Power batting - Pitching for Augusta GreenJackets : LHP Chris Morales
Batting: RHB Tom Primmer 0-0: Swinging Strike
0-1: Ball
1-1: Ball
2-1: Foul Ball, location: 2F
2-2: Strikes out swinging
Batting: RHB Brian Moore 0-0: Called Strike
0-1: Swinging Strike
0-2: Ball
1-2: Foul Ball, location: 2F
1-2: Ball
2-2: SINGLE (Groundball, 4MS, EV 76.3 MPH) (infield hit)
Batting: LHB Justin Harris 0-0: Called Strike
0-1: Fielders Choice at 2nd, 4-6 (Groundball, 34, EV 95.6 MPH)
Batting: RHB Matt Keef 0-0: Foul Ball, location: 2F
0-1: Ball
1-1: Foul Ball, location: 2F
1-2: Ball
2-2: Strikes out looking
Top of the 2nd over - 0 runs, 1 hit, 0 errors, 1 left on base; West Virginia 0 - Augusta 0
BOTTOM OF THE 2ND
Augusta GreenJackets batting - Pitching for West Virginia Power : LHP Martin Garcia
Batting: RHB Ian Richardson 0-0: SINGLE (Flyball, 89S, EV 84.4 MPH)
Batting: LHB James Wheaton 0-0: Ball
1-0: Ball
2-0: Swinging Strike
2-1: Foul Ball, location: 2F
2-2: Fly out, F6 (Popup, 56D, EV 56.3 MPH)
Batting: LHB Willie Ceniceros 0-0: Ball
Ian Richardson steals 2nd base
1-0: Called Strike
1-1: Swinging Strike
1-2: Ball
2-2: DOUBLE (Line Drive, 7LM, EV 106.3 MPH)
Ian Richardson scores
Batting: RHB Mike Jones 0-0: Called Strike
0-1: Swinging Strike
0-2: Ball
1-2: Foul Ball, location: 2F
1-2: Ground out 4-3 (Groundball, 4MS, EV 89.4 MPH)
Willie Ceniceros to third
Batting: RHB Jack Toole 0-0: Foul Ball, location: 2F
0-1: Ball
1-1: DOUBLE (Flyball, 78XD, EV 99.4 MPH)
Willie Ceniceros scores
Batting: RHB Antonio Bautista 0-0: Ball
1-0: Fly out, F7 (Flyball, 7LS, EV 76.9 MPH)
Bottom of the 2nd over - 2 runs, 3 hits, 0 errors, 1 left on base; West Virginia 0 - Augusta 2
TOP OF THE 3RD
West Virginia Power batting - Pitching for Augusta GreenJackets : LHP Chris Morales
Batting: RHB John Beiswenger 0-0: Swinging Strike
0-1: Foul Ball, location: 2F
0-2: Ground out 6-3 (Groundball, 6, EV 104.4 MPH)
Batting: LHB Jorge Quintana 0-0: Called Strike
0-1: Foul Ball, location: 2F
0-2: SINGLE (Groundball, 25, EV 63.1 MPH) (infield hit)
Batting: RHB Jesus Marquez 0-0: Ball
1-0: Called Strike
1-1: Ball
2-1: Ball
3-1: Foul Ball, location: 2F
3-2: Grounds into double play, 6-4-3 (Groundball, 6, EV 86.9 MPH)
Top of the 3rd over - 0 runs, 1 hit, 0 errors, 0 left on base; West Virginia 0 - Augusta 2
BOTTOM OF THE 3RD
Augusta GreenJackets batting - Pitching for West Virginia Power : LHP Martin Garcia
Batting: LHB Alex Henriquez 0-0: Called Strike
0-1: Ball
1-1: Foul Ball, location: 2F
1-2: Ball
2-2: Foul Ball, location: 2F
2-2: Ball
3-2: Fly out, F9 (Flyball, 89M, EV 91.3 MPH)
Batting: RHB Adam Solesbee 0-0: Called Strike
0-1: DOUBLE (Flyball, 89D, EV 96.9 MPH)
Batting: RHB Xavier Davis 0-0: Ball
1-0: Foul Ball, location: 2F
1-1: Ball
2-1: TRIPLE (Flyball, 89XD, EV 88.1 MPH)
Adam Solesbee scores
Batting: RHB Ian Richardson 0-0: Ball
1-0: DOUBLE (Flyball, 8LXD, EV 91.9 MPH)
Xavier Davis scores
Pitching: RHP Mike Rosen
Batting: LHB James Wheaton 0-0: Ball
1-0: Ball
Ian Richardson steals 3rd base
2-0: Called Strike
2-1: Ball
3-1: Foul Ball, location: 2F
3-2: Strikes out swinging
Batting: LHB Willie Ceniceros 0-0: DOUBLE (Line Drive, 5D, EV 95.0 MPH)
Ian Richardson scores
Batting: RHB Mike Jones 0-0: Ball
1-0: Ball
2-0: Called Strike
2-1: Foul Ball, location: 2F
2-2: Foul Ball, location: 2F
2-2: Strikes out swinging
Bottom of the 3rd over - 3 runs, 4 hits, 0 errors, 1 left on base; West Virginia 0 - Augusta 5
TOP OF THE 4TH
West Virginia Power batting - Pitching for Augusta GreenJackets : LHP Chris Morales
Batting: SHB Louie Horne 0-0: Ball
1-0: Ball
2-0: Called Strike
2-1: Called Strike
2-2: Foul Ball, location: 2F
2-2: Ball
3-2: Base on Balls
Batting: RHB Terry Sutherland 0-0: Ball
1-0: Ball
2-0: Ball
3-0: Called Strike
3-1: Called Strike
3-2: Fielders Choice at 2nd, 5-4 (Groundball, 5L, EV 86.3 MPH)
Batting: RHB Tom Primmer 0-0: Ball
1-0: Swinging Strike
1-1: Ball
2-1: Foul Ball, location: 2F
2-2: Strikes out swinging
Batting: RHB Brian Moore 0-0: Ball
1-0: Ball
2-0: Ball
3-0: Called Strike
3-1: Called Strike
3-2: Strikes out swinging
Top of the 4th over - 0 runs, 0 hits, 0 errors, 1 left on base; West Virginia 0 - Augusta 5
BOTTOM OF THE 4TH
Augusta GreenJackets batting - Pitching for West Virginia Power : RHP Mike Rosen
Batting: RHB Jack Toole 0-0: Ground out 5-3 (Groundball, 56, EV 81.9 MPH)
Batting: RHB Antonio Bautista 0-0: Ball
1-0: Called Strike
1-1: Ball
2-1: Ground out 3-1 (Groundball, 34S, EV 90.6 MPH)
Batting: LHB Alex Henriquez 0-0: Ball
1-0: Called Strike
1-1: Foul Ball, location: 2F
1-2: Strikes out looking
Bottom of the 4th over - 0 runs, 0 hits, 0 errors, 0 left on base; West Virginia 0 - Augusta 5
TOP OF THE 5TH
West Virginia Power batting - Pitching for Augusta GreenJackets : LHP Chris Morales
Batting: LHB Justin Harris 0-0: Ball
1-0: Ball
2-0: Ball
3-0: Base on Balls
Batting: RHB Matt Keef 0-0: Called Strike
0-1: Ball
1-1: Foul Ball, location: 2F
1-2: Strikes out swinging
Batting: RHB John Beiswenger 0-0: Called Strike
0-1: Swinging Strike
0-2: Ball
1-2: Strikes out swinging
Batting: LHB Jorge Quintana 0-0: Ball
1-0: Ball
2-0: Foul Ball, location: 2F
2-1: Foul Ball, location: 2F
2-2: Strikes out swinging
Top of the 5th over - 0 runs, 0 hits, 0 errors, 1 left on base; West Virginia 0 - Augusta 5
BOTTOM OF THE 5TH
Augusta GreenJackets batting - Pitching for West Virginia Power : RHP Mike Rosen
Batting: RHB Adam Solesbee 0-0: Foul Ball, location: 2F
0-1: Ground out 6-3 (Groundball, 6, EV 98.1 MPH)
Batting: RHB Xavier Davis 0-0: Ball
1-0: Called Strike
1-1: Ball
2-1: Foul Ball, location: 2F
2-2: Strikes out swinging
Batting: RHB Ian Richardson 0-0: Ball
1-0: Called Strike
1-1: Ground out 4-3 (Groundball, 4, EV 92.5 MPH)
Bottom of the 5th over - 0 runs, 0 hits, 0 errors, 0 left on base; West Virginia 0 - Augusta 5
TOP OF THE 6TH
West Virginia Power batting - Pitching for Augusta GreenJackets : LHP Chris Morales
Batting: RHB Jesus Marquez 0-0: Called Strike
0-1: Fly out, F8 (Flyball, 8RS, EV 74.4 MPH)
Batting: SHB Louie Horne 0-0: Swinging Strike
0-1: Called Strike
0-2: Ground out 3-1 (Groundball, 34S, EV 78.8 MPH)
Batting: RHB Terry Sutherland 0-0: Ball
1-0: Foul Ball, location: 2F
1-1: Ball
2-1: Ball
3-1: Foul Ball, location: 2F
3-2: Base on Balls
Pitching: RHP Lee Chamness
Batting: RHB Tom Primmer 0-0: Ball
1-0: Swinging Strike
1-1: Swinging Strike
1-2: Foul Ball, location: 2F
1-2: Ball
Terry Sutherland steals 2nd base
2-2: Foul Ball, location: 2F
2-2: Strikes out swinging
Top of the 6th over - 0 runs, 0 hits, 0 errors, 1 left on base; West Virginia 0 - Augusta 5
BOTTOM OF THE 6TH
Augusta GreenJackets batting - Pitching for West Virginia Power : RHP Mike Rosen
Batting: LHB James Wheaton 0-0: Foul Ball, location: 2F
0-1: Ball
1-1: Foul Ball, location: 2F
1-2: Strikes out swinging
Pitching: RHP Jason Gunn
Batting: LHB Willie Ceniceros 0-0: Called Strike
0-1: Ball
1-1: Ball
2-1: Ball
3-1: Swinging Strike
3-2: Base on Balls
Batting: RHB Mike Jones 0-0: Ball
1-0: Ball
2-0: Called Strike
2-1: SINGLE (Groundball, 6MD, EV 106.9 MPH)
Willie Ceniceros to second
Runner from 2nd tries for 3rd, SAFE, throw by CF made to third
Batting: RHB Jack Toole 0-0: Called Strike
0-1: Foul Ball, location: 2F
0-2: Foul Ball, location: 2F
0-2: Ball
1-2: Strikes out looking
Batting: RHB Antonio Bautista 0-0: Called Strike
0-1: Ball
1-1: Ball
2-1: Called Strike
2-2: Strikes out swinging
Bottom of the 6th over - 0 runs, 1 hit, 0 errors, 2 left on base; West Virginia 0 - Augusta 5
TOP OF THE 7TH
West Virginia Power batting - Pitching for Augusta GreenJackets : RHP Lee Chamness
Batting: RHB Brian Moore 0-0: Swinging Strike
0-1: Foul Ball, location: 2F
0-2: Foul Ball, location: 2F
0-2: Strikes out swinging
Batting: LHB Justin Harris 0-0: Called Strike
0-1: Ball
1-1: Ball
2-1: Foul Ball, location: 2F
2-2: Foul Ball, location: 2F
2-2: Strikes out looking
Batting: RHB Matt Keef 0-0: Called Strike
0-1: Called Strike
0-2: Ball
1-2: Ball
2-2: Ground out 6-3 (Groundball, 6, EV 83.8 MPH)
Top of the 7th over - 0 runs, 0 hits, 0 errors, 0 left on base; West Virginia 0 - Augusta 5
BOTTOM OF THE 7TH
Augusta GreenJackets batting - Pitching for West Virginia Power : RHP Jason Gunn
Batting: LHB Alex Henriquez 0-0: Ball
1-0: Foul Ball, location: 2F
1-1: Fly out, F6 (Popup, 56D, EV 43.8 MPH)
Batting: RHB Adam Solesbee 0-0: Foul Ball, location: 2F
0-1: Foul Ball, location: 2F
0-2: Ball
1-2: Ball
2-2: Strikes out swinging
Batting: RHB Xavier Davis 0-0: Fly out, F8 (Line Drive, 8LM, EV 95.6 MPH)
Bottom of the 7th over - 0 runs, 0 hits, 0 errors, 0 left on base; West Virginia 0 - Augusta 5
TOP OF THE 8TH
West Virginia Power batting - Pitching for Augusta GreenJackets : RHP Lee Chamness
Batting: RHB John Beiswenger 0-0: Called Strike
0-1: Ball
1-1: Swinging Strike
1-2: Foul Ball, location: 2F
1-2: Ball
2-2: Ball
3-2: Strikes out swinging
Batting: LHB Jorge Quintana 0-0: Swinging Strike
0-1: Ball
1-1: Ball
2-1: Ball
3-1: Base on Balls
Batting: RHB Jesus Marquez 0-0: Ball
1-0: Foul Ball, location: 2F
1-1: Ground out 4-3 (Groundball, 34D, EV 102.5 MPH)
Jorge Quintana to second
Batting: SHB Louie Horne 0-0: Called Strike
0-1: Ball
1-1: Ball
2-1: Called Strike
2-2: Ball
3-2: SINGLE (Groundball, 3D, EV 107.5 MPH)
Jorge Quintana to third
Runner from 3rd tries for Home, SAFE, throw by RF to home
Batting: RHB Terry Sutherland 0-0: Called Strike
0-1: Swinging Strike
0-2: Ball
1-2: Ball
2-2: Foul Ball, location: 2F
2-2: Foul Ball, location: 2F
2-2: Fielders Choice at 2nd, U6 (Groundball, 6M, EV 78.8 MPH)
Top of the 8th over - 1 run, 1 hit, 0 errors, 1 left on base; West Virginia 1 - Augusta 5
BOTTOM OF THE 8TH
Augusta GreenJackets batting - Pitching for West Virginia Power : RHP Jason Gunn
Pitching: RHP Travis Luckett
Batting: RHB Ian Richardson 0-0: Called Strike
0-1: Ball
1-1: Ball
2-1: Ball
3-1: Called Strike
3-2: Strikes out looking
Batting: LHB James Wheaton 0-0: Swinging Strike
0-1: Fly out, F9 (Flyball, 9LM, EV 88.8 MPH)
Batting: LHB Willie Ceniceros 0-0: Called Strike
0-1: Swinging Strike
0-2: Ball
1-2: Fly out, F8 (Flyball, 8LS, EV 91.9 MPH)
Bottom of the 8th over - 0 runs, 0 hits, 0 errors, 0 left on base; West Virginia 1 - Augusta 5
TOP OF THE 9TH
West Virginia Power batting - Pitching for Augusta GreenJackets : RHP Lee Chamness
Pitching: RHP Phil Holmes
Batting: RHB Tom Primmer 0-0: Foul Ball, location: 2F
0-1: Ground out 5-3 (Groundball, 5, EV 100.0 MPH)
Batting: RHB Brian Moore 0-0: Ball
1-0: Swinging Strike
1-1: Ball
2-1: Swinging Strike
2-2: Strikes out swinging
Batting: LHB Justin Harris 0-0: Ball
1-0: Ground out 6-3 (Groundball, 4MD, EV 105.6 MPH)
Top of the 9th over - 0 runs, 0 hits, 0 errors, 0 left on base; West Virginia 1 - Augusta 5
Thursday, March 31st , 2022 - OOTP Baseball 22.12 Build 89